AoeStats
← 从不压堡之人

African Clearing

510291016Analyzed
4v4 RM · 1d ago on Sep 30, 2026· 44m 10s· 8 players
Game mode
Random Map
Map size
Large (8 player)
Population
200
Speed
Normal
Resources
Standard
Victory
Conquest
Starting age
Dark Age
Ending age
Imperial Age
RankedLock teamsTeams togetherTeam positionsShared explorationLock speedFull tech treeHidden civsTurbo modeCheats
Victory
Defeat
🇨🇳 Huns · China
1050
+15
🇨🇳 Bohemians · China
1026
+16
🇨🇳 Maya · China
974
+18
968
+17
🇩🇪 Mongols · Germany
1086
-20
🇦🇹 Huns · Austria
1061
-18
🇷🇺 Varangians · Russia
964
-14
🇨🇱 Maya · Chile
961
-14
wohja182
11:39 Loom
14:04 Feudal Age
18:25 Castle Age
16:50 Double-Bit Axe
16:59 Fletching
19:31 Gold Mining
19:54 Bow Saw
28:06 Ballistics
36:43 Imperial Age
35:33 Wheelbarrow
34:46 Horse Collar
35:24 Bodkin Arrow
36:27 Thumb Ring
36:32 Padded Archer Armor
39:09 Chemistry
41:02 Leather Archer Armor
40:44 Heavy Cavalry Archer
43:30 Bracer
43:22 Elite Skirmisher
DeusMaximus263
3:58 Loom
11:42 Feudal Age
16:47 Castle Age
23:59 Double-Bit Axe
27:34 Fletching
33:48 Padded Archer Armor
ASTERIX
14:32 Feudal Age
16:15 Loom
18:57 Castle Age
17:13 Double-Bit Axe
26:47 Fletching
29:30 Wheelbarrow
30:47 Bloodlines
30:38 Husbandry
31:44 Light Cavalry
38:16 Imperial Age
35:40 Gold Mining
36:45 Bow Saw
39:22 Conscription
38:26 Hussar
39:03 Elite Skirmisher
41:32 Padded Archer Armor
CL.CKrugger
16:29 Feudal Age
16:55 Double-Bit Axe
21:43 Castle Age
20:35 Forging
23:30 Loom
24:48 Crossbowman
26:14 Fletching
31:54 Thumb Ring
39:47 Imperial Age
37:57 Pikeman
41:46 Wheelbarrow
洗心革面重新做人TownYan
11:48 Feudal Age
13:28 Double-Bit Axe
16:01 Castle Age
14:56 Horse Collar
19:08 Loom
31:24 Fortified Wall
31:56 Fletching
32:29 Ballistics
33:53 Wheelbarrow
34:14 Town Watch
35:24 Bodkin Arrow
36:03 Hand Cart
36:31 Heavy Plow
36:48 Bow Saw
40:24 Imperial Age
39:29 Husbandry
39:36 Thumb Ring
39:35 Padded Archer Armor
40:58 Bloodlines
40:44 Gold Mining
40:45 Stone Mining
41:07 Bracer
42:10 Chemistry
40:42 Elite Mangudai
41:52 Masonry
41:48 Siege Engineers
42:03 Nomads
42:31 Conscription
41:36 Capped Ram
42:50 Leather Archer Armor
43:45 Parthian Tactics
44:46 Caravan
从不压堡之人
13:54 Feudal Age
14:47 Double-Bit Axe
15:03 Horse Collar
17:24 Castle Age
15:52 Stone Mining
16:39 Fletching
18:19 Bow Saw
19:57 Loom
24:03 Bodkin Arrow
27:50 Wheelbarrow
27:31 Town Watch
28:43 Ballistics
30:48 Hand Cart
30:50 Treadmill Crane
31:12 Gold Mining
32:00 Stone Shaft Mining
35:26 Imperial Age
33:27 Squires
33:13 Arson
33:34 Padded Archer Armor
33:37 Eagle Warrior
34:19 Scale Mail Armor
34:33 Forging
34:33 Caravan
36:12 Bracer
37:12 Chemistry
35:34 Elite Plumed Archer
37:38 Thumb Ring
38:40 Chain Mail Armor
39:01 Iron Casting
37:48 Elite Eagle Warrior
40:31 Plate Mail Armor
41:02 Blast Furnace
40:33 Holcans
40:24 Conscription
41:14 Two-Man Saw
41:32 Leather Archer Armor
42:05 Fortified Wall
42:05 Masonry
43:03 Ring Archer Armor
44:42 Guilds
我怕你审判长?
12:57 Feudal Age
16:43 Castle Age
14:38 Double-Bit Axe
18:14 Bow Saw
18:35 Fishing Lines
22:36 Loom
29:42 Gold Mining
30:22 Stone Mining
31:10 Gold Shaft Mining
31:45 Gillnets
36:09 Imperial Age
34:26 Scale Barding Armor
34:57 Bloodlines
34:47 Husbandry
36:43 Chain Barding Armor
36:34 Forging
37:44 Conscription
36:46 Elite Tarkan
40:23 Iron Casting
40:05 Town Watch
40:56 Wheelbarrow
41:24 Two-Man Saw
41:11 Plate Barding Armor
40:51 Town Patrol
42:41 Blast Furnace
LLK是给
9:45 Loom
12:31 Feudal Age
16:39 Fletching
19:13 Town Watch
20:32 Padded Archer Armor
24:06 Castle Age
24:29 Wheelbarrow
24:08 Crossbowman
24:44 Bodkin Arrow
24:38 Double-Bit Axe
25:25 Horse Collar
32:40 Imperial Age
31:02 Leather Archer Armor
32:03 Hand Cart
33:41 Chemistry
33:36 Bracer
37:11 Ballistics
37:25 Arbalester
39:37 Ring Archer Armor
40:29 Bow Saw
Connection lost

Rejoining the realm…

Still unreachable

The connection could not be restored.

Session expired

The server has moved on; the page needs a fresh start.